 Dungeon Crawl Stone Soup version 0.29.1-15-g9cfb28693d (webtiles) character file.

Game seed: 3807607881730815282

15 QwertyIsDirtey the Trooper (level 2, -2/27 HPs)
             Began as a Minotaur Berserker on Mar 24, 2023.
             Was a Follower of Trog.
             Slain by a jackal (3 damage)
             ... on level 1 of the Dungeon.
             The game lasted 00:00:58 (230 turns).

QwertyIsDirtey the Trooper (Minotaur Berserker)      Turns: 230, Time: 00:00:59

Health: -2/27      AC:  2    Str: 21    XL:     2   Next: 34%
Magic:  1/1        EV: 12    Int:  4    God:    Trog [*.....]
Gold:   0          SH:  0    Dex:  9    Spells: 1/1 levels left

rFire   . . .      SeeInvis .   a - +0 falchion
rCold   . . .      Faith    .   (no shield)
rNeg    . . .      Spirit   .   b - +0 animal skin
rPois   .          Reflect  .   (helmet restricted)
rElec   .          Harm     .   (no cloak)
rCorr   .          Rampage  .   (no gloves)
Will    .....                   (no boots)
Stlth   +.........              (no amulet)
HPRegen 0.09/turn               (no ring)
MPRegen 0.07/turn               (no ring)

@: no status effects
A: horns 2, retaliatory headbutt
a: Renounce Religion, Berserk


You were on level 1 of the Dungeon.
You worshipped Trog.
Trog was aware of your devotion.
You visited 1 branch of the dungeon, and saw 1 of its levels.

Inventory:

Hand Weapons
 a - a +0 falchion (weapon)
Missiles
 i - a throwing net (quivered)
Armour
 b - a +0 animal skin (worn)
 g - a +0 barding
Jewellery
 h - a ring of magical power
Scrolls
 c - 2 scrolls of teleportation {unknown}
 d - a scroll of enchant armour {unknown}
 e - a scroll of fear {unknown}
Potions
 f - a potion of berserk rage {unknown}


   Skills:
 + Level 4.0 Fighting
 + Level 4.0 Long Blades
 + Level 2.6 Armour
 + Level 2.3 Dodging


You had one spell level left.
You didn't know any spells.
Your spell library was empty.

Dungeon Overview and Level Annotations

Branches:
Dungeon (1/15)

Altars:


Innate Abilities, Weirdness & Mutations

You have a pair of horns on your head.
You reflexively headbutt those who attack you in melee.


Message History

The jackal closely misses you. You furiously retaliate!
You headbutt the jackal. You hit the kobold.
You kill the kobold!
Trog accepts your kill. The jackal bites you.
The jackal bites you but does no damage.
Things that are here:
a +0 short sword; a kobold corpse The frilled lizard attacks as you move away!
The frilled lizard bites you. The jackal attacks as you move away!
The jackal misses you.
The jackal bites you but does no damage.
Found a book of Weapons.
The jackal bites you but does no damage.
Found a puce potion.
Found 12 gold pieces.
The jackal bites you.
* * * LOW HITPOINT WARNING * * *
A quokka comes into view.
Found 12 gold pieces.
The jackal bites you but does no damage.
The jackal attacks as you move away! The jackal bites you.
* * * LOW HITPOINT WARNING * * *
A hobgoblin comes into view.
Found a leather armour.
The hobgoblin shouts!
The jackal bites you.
* * * LOW HITPOINT WARNING * * *
You hit the quokka but do no damage. The quokka bites you.
* * * LOW HITPOINT WARNING * * *
The jackal closely misses you.
You closely miss the quokka. The jackal barely misses you.
The quokka bites you but does no damage.
The frilled lizard bites you.
* * * LOW HITPOINT WARNING * * *
The quokka closely misses you. The jackal barely misses you.
You hit the quokka.
The quokka is heavily wounded.
The jackal bites you.
You die...

...>.# .....#
######
.....#####
##.....##
.........
.#####.......#
.....###
[..#..$......
.....#
#g..........
.....#
.....$.....
.....# #
#!r.......
.....#
#.####.@.......
...#...
......ghl.....#
........
#:##...........
#.......
.....#.........
.....
....##.........
#..............
......
##.#...........
......
#..#.....$...##
......
##.......(?...#
.....


You could see a quokka, a jackal, a hobgoblin, a goblin and a frilled lizard.

Vanquished Creatures
  3 endoplasms (D:1)
  A giant cockroach (D:1)
  2 jackals (D:1)
  A quokka (D:1)
  2 ball pythons (D:1)
  A bat (D:1)
  3 frilled lizards (D:1)
  A kobold (D:1)
  A rat (D:1)
15 creatures vanquished.

Notes
Turn   | Place    | Note
-------+----------+-------------------------------------------
     0 | D:1      | QwertyIsDirtey the Minotaur Berserker began the quest for
                  | the Orb.
     0 | D:1      | Reached XP level 1. HP: 19/19 MP: 0/0
   143 | D:1      | Reached XP level 2. HP: 22/27 MP: 1/1
   229 | D:1      | HP: 1/27 [frilled lizard (1)]
   230 | D:1      | Slain by a jackal

Illustrated notes

Levels and vault maps discovered:
D:1:      saegor_arrival_simple_c, layout_rooms

Skill      XL: |  1  2 |
---------------+-------+-----
Fighting       | 4 |  4.0
Long Blades    | 4 |  4.0
Armour         | |  2.6
Dodging        | |  2.3

Action                   || total
-------------------------++-------
Melee: Falchion          ||    26
       Headbutt          ||     3
       Punch             ||     1
Armor: Animal skin       ||    11
Dodge: Dodged            ||    37
